 Dungeon Crawl Stone Soup version 0.29.0-11-gd7f09526c8 (webtiles) character file.

Game seed: 11916470046781843835

79 gelatine the Shooter (level 4, -1/30 HPs)
             Began as an Octopode Hunter on Sept 3, 2022.
             Succumbed to a scorpion's poison
             ... on level 3 of the Dungeon.
             The game lasted 00:05:06 (2211 turns).

gelatine the Shooter (Octopode Hunter)              Turns: 2211, Time: 00:05:06

Health: -1/30      AC:  1    Str: 10    XL:     4   Next: 37%
Magic:  4/4        EV: 14    Int: 11    God:
Gold:   164        SH:  0    Dex: 17    Spells: 3/3 levels left

rFire   . . .      SeeInvis .   a - +0 shortbow
rCold   . . .      Faith    .   (shield currently unavailable)
rNeg    . . .      Spirit   .   (helmet restricted)
rPois   .          Reflect  .   (no amulet)
rElec   .          Harm     .   (no ring)
rCorr   .          Rampage  .   (no ring)
Will    .....                   (no ring)
Stlth   +++.......              (no ring)
HPRegen 0.10/turn               (no ring)
MPRegen 0.09/turn               (no ring)
                                (no ring)
                                (no ring)

@: lethally poisoned (-1 -> -22)
A: almost no armour, amphibious, 8 rings, camouflage 1, gelatinous body 1,
(nimble swimmer 1), tentacles
a: no special abilities


You were on level 3 of the Dungeon.
You visited 1 branch of the dungeon, and saw 3 of its levels.

You collected 164 gold pieces.

Inventory:

Hand Weapons
 a - a +0 shortbow (weapon)
 i - a +2 whip of electrocution
Missiles
 j - 5 boomerangs
Scrolls
 b - a scroll of immolation
 c - a scroll of identify {unknown}
 e - 2 scrolls of magic mapping {unknown}
 h - a scroll of poison {unknown}
 k - a scroll of acquirement {unknown}
Potions
 d - a potion of mutation {unknown}
 f - 2 potions of experience {unknown}
 g - 2 potions of attraction {unknown}


   Skills:
 + Level 2.3 Fighting
 + Level 5.3 Ranged Weapons
 + Level 2.4 Dodging
 + Level 1.6 Stealth
 + Level 0.1 Unarmed Combat


You had 3 spell levels left.
You didn't know any spells.
Your spell library contained the following spells:

 Spells                   Type           Power      Damage    Failure   Level
 Slow                     Hex            0%         N/A       34%         1
 Confusing Touch          Hex            0%         N/A       71%         3
 Stone Arrow              Conj/Erth      0%         3d7       71%         3
 Vampiric Draining        Necr           0%         2d6       71%         3
 Lehudib's Crystal Spear  Conj/Erth      0%         10d2      100%        8
 Animate Armour           Summ/Erth      Unusable   N/A       N/A         4

Dungeon Overview and Level Annotations

Branches:
Dungeon (3/15)

Altars:

Shops:
D:2 (


Innate Abilities, Weirdness & Mutations

You cannot wear most types of armour.
You are amphibious.
You can wear up to eight rings at the same time.
Your skin changes colour to match your surroundings (Stealth+).
Your rubbery body absorbs attacks. (AC +1, EV +1)
((You are camouflaged when in or above water. (Stealth+)))
You have tentacles for arms and can constrict up to eight enemies at once.


Message History

Found a stone staircase leading down.
You shoot an arrow.
The arrow completely misses the scorpion.
You shoot an arrow.
The arrow hits the scorpion but does no damage.
The scorpion is moderately wounded.
You shoot an arrow. The arrow barely misses the scorpion.
The scorpion stings you.
You are poisoned.
The scorpion poisons you!
You shoot an arrow. The arrow barely misses the scorpion.
You feel very sick. The scorpion stings you!
You are lethally poisoned!
The scorpion poisons you! The scorpion misses you.
You are too injured to fight recklessly!
You are too injured to fight recklessly!
You are too injured to fight recklessly!
Fire: a) +0 shortbow
Press: ? - help, Q - select action, (/) - cycle Shift-Dir - straight line, f/p - scorpion
Aim: a scorpion (moderately wounded, 63% to hit)
You shoot an arrow. The arrow hits the scorpion.
The scorpion is heavily wounded.
You feel very sick. The scorpion completely misses you.
Fire: a) +0 shortbow
Press: ? - help, Q - select action, (/) - cycle Shift-Dir - straight line, f/p - scorpion
Aim: a scorpion (heavily wounded, 63% to hit)
You shoot an arrow. The arrow barely misses the scorpion.
* * * LOW HITPOINT WARNING * * *
You feel very sick. The scorpion misses you. The scorpion stings you.
* * * LOW HITPOINT WARNING * * *
You are more poisoned.
The scorpion poisons you!
Fire: a) +0 shortbow
Press: ? - help, Q - select action, (/) - cycle Shift-Dir - straight line, f/p - scorpion
Aim: a scorpion (heavily wounded, 63% to hit)
You shoot an arrow. The arrow barely misses the scorpion.
You die...

# #. .###### .#...# .
....##### ...
#........ .....###..#
.........s######.
.....###.@.......
...<......#######
.>...###..######## ##
#..##.....######
#.####..##........[..
#....................
..(.######<....#####.
... #.....# #
#######.##


You could see a scorpion.

Vanquished Creatures
  2 adders (D:2)
  2 worms (D:2)
  A dart slug (D:2)
  4 endoplasms
  4 giant cockroaches
  4 goblins
  5 hobgoblins
  4 quokkas
  4 ball pythons
  7 bats
  A frilled lizard (D:2)
  7 kobolds
  3 rats (D:1)
48 creatures vanquished.

Notes
Turn   | Place    | Note
-------+----------+-------------------------------------------
     0 | D:1      | gelatine the Octopode Hunter began the quest for the Orb.
     0 | D:1      | Reached XP level 1. HP: 14/14 MP: 1/1
   282 | D:1      | Reached XP level 2. HP: 19/19 MP: 2/2
   983 | D:2      | Reached XP level 3. HP: 24/24 MP: 3/3
  1099 | D:2      | Reached skill level 5 in Ranged Weapons
  1551 | D:2      | Found Cenyxzuic's Weapon Emporium.
  1606 | D:2      | Reached XP level 4. HP: 24/30 MP: 4/4
  2151 | D:3      | Noticed a scorpion
  2211 | D:3      | Succumbed to a scorpion's poison

Illustrated notes

Levels and vault maps discovered:
D:1:      lightli_arrival_maybe_door_vault, layout_loops_corners,
          glass_columns_a, minivault_25, minmay_tromino_i2
D:2:      layout_rooms, serial_shops, nicolae_lakefront_shop,
          kennysheep_generic_room_9
D:3:      layout_loops_ring, mainiacjoe_overflow_swirl, gammafunk_ghost_icy

Skill      XL: |  1  2  3 |
---------------+----------+-----
Ranged Weapons | 5 |  5.3
Fighting       | |  2.3
Dodging        | |  2.4
Stealth        | |  1.6
Unarmed Combat | |  0.1

Action                   |  1- 3 |  4- 6 || total
-------------------------+-------+-------++-------
Melee: Unarmed           |     8 |       ||     8
       Constrict         |     3 |       ||     3
       Tentacles         |     2 |       ||     2
       Punch             |     1 |       ||     1
 Fire: Shortbow          |   107 |    38 ||   145
Armor: Skin              |     7 |       ||     7
Dodge: Dodged            |    48 |    11 ||    59
